 Dungeon Crawl Stone Soup version 0.30.1-11-g7821555f0a (webtiles) character file.

Game seed: 12562737681208902339

9 Peloso the Trooper (level 2, 27/27 HPs)
             Began as a Minotaur Fighter on Dec 17, 2023.
             Got out of the dungeon alive.
             The game lasted 00:00:37 (280 turns).

Peloso the Trooper (Minotaur Fighter)                Turns: 280, Time: 00:00:37

Health: 27/27      AC:  7    Str: 20    XL:     2   Next: 3%
Magic:  1/1        EV:  9    Int:  5    God:
Gold:   49         SH:  4    Dex:  9    Spells: 1/1 levels left

rFire   . . .        a - +0 long sword
rCold   . . .        c - +0 buckler
rNeg    . . .        b - +0 scale mail
rPois   .            (helmet restricted)
rElec   .            (no cloak)
rCorr   .            (no gloves)
SInv    .            (no boots)
Will    .....        (no amulet) Stlth
                     (no ring)
HPRegen 0.24/turn    (no ring)
MPRegen 0.07/turn

%: no passive effects
@: no status effects
A: horns 2, retaliatory headbutt, devolution 1
a: no special abilities


You escaped.
You visited 1 branch of the dungeon, and saw 1 of its levels.

You collected 49 gold pieces.

Inventory:

Hand Weapons
 a - a +0 long sword (weapon)
Armour
 b - a +0 scale mail (worn)
 c - a +0 buckler (worn)
Jewellery
 f - a ring of willpower
 h - a +5 ring of evasion
Scrolls
 e - a scroll of magic mapping {unknown}
 g - a scroll of identify {unknown}
Potions
 d - a potion of might
 j - a potion of flight {unknown}
 k - a potion of heal wounds {unknown}


   Skills:
 + Level 3.9 Fighting
 + Level 2.6 Long Blades
 + Level 3.8 Armour
 + Level 3.8 Shields


You had one spell level left.
You didn't know any spells.
Your spell library was empty.

Dungeon Overview and Level Annotations

Branches:
Dungeon (1/15)

Altars:


Innate Abilities, Weirdness & Mutations

You have a pair of horns on your head.
You reflexively headbutt those who attack you in melee.
You have hidden genetic defects.


Message History

You are frozen.
You block the goblin's attack. You block the endoplasm's attack.
You hit the endoplasm.
You kill the endoplasm!
The goblin hits you but does no damage. The goblin closely misses you.
You furiously retaliate!
You headbutt the goblin.
You kill the goblin!
You see here a +0 dagger.
HP restored.
j - a green potion
k - a murky dark potion You now have 33 gold pieces (gained 8).
You now have 49 gold pieces (gained 16).
Found a dagger.
A giant cockroach comes into view.
A giant cockroach is nearby!
A giant cockroach is nearby!
A giant cockroach is nearby!
You closely miss the giant cockroach.
The giant cockroach bites you but does no damage. x2
You hit the giant cockroach.
The giant cockroach is moderately wounded.
The giant cockroach bites you but does no damage.
You hit the giant cockroach.
You kill the giant cockroach!
You have reached level 2!
It was a potion of mutation.
You feel extremely strange.
You feel a hidden malignance growing inside you.
(D) Dungeon
Where to? (? - help)
What level of the Dungeon? (default 1, ? - help)
There is an open door here.
You see here a +0 dagger.
You see here a rat corpse.
There is an open gate here.
You see here a +0 short sword.
There is a staircase leading out of the dungeon here.
Are you sure you want to leave the Dungeon?
This will make you lose the game!
You have escaped!

......# ......# ......##
.......# #......#
#....).# ######.# ≈# #.#
♣♣♣♣♣♣ ≈≈# #.# ♣@P..♣≈≈≈#
#.# ♣♣...♣≈≈≈# #####.#
#♣♣.....≈≈≈# #.....#
#.......~≈≈# #.#####
#P.....~~≈≈# #.#########
#......~~≈≈# #..........
#P......~≈≈#
#'''#########♣.♣....~≈≈#
##...##.♣♣P.P♣......~≈≈≈#


There were no monsters in sight!

Vanquished Creatures
  An endoplasm (D:1)
  A giant cockroach (D:1)
  A goblin (D:1)
  A hobgoblin (D:1)
  A kobold (D:1)
  A bat (D:1)
  2 rats (D:1)
8 creatures vanquished.

Notes
Turn   | Place    | Note
-------+----------+-------------------------------------------
     0 | D:1      | Peloso the Minotaur Fighter began the quest for the Orb.
     0 | D:1      | Reached XP level 1. HP: 19/19 MP: 0/0
   188 | D:1      | Reached XP level 2. HP: 27/27 MP: 1/1
   188 | D:1      | Gained mutation: You have hidden genetic defects. [potion
                  | of mutation]
   280 | D:$      | Got out of the dungeon alive.

Illustrated notes

Levels and vault maps discovered:
D:1:      kennysheep_arrival_seaside, layout_basic

Action                     || total
---------------------------++-------
  Melee: Long sword        ||    12
         Headbutt          ||     1
    Use: Potion            ||     1
 Armour: Scale mail        ||    10
  Dodge: Dodged            ||     8
  Block: Buckler           ||     9
